Anaheim Ducks vs Vancouver Canucks

Created - Tuesday, September 9, 2025 at 08:23

Goals
1 2 3 T
Anaheim Ducks 0 1 1 2
Vancouver Canucks 0 4 0 4
Shots
1 2 3 T
Anaheim Ducks 3 17 9 29
Vancouver Canucks 7 19 12 38

1st period

No Goal

Penalties :
Emil Martinsen Lilleberg (VAN) for Interference (Minor) at 1:30, Brenden Dillon (ANA) for Tripping (Minor) at 7:44, Miro Heiskanen (VAN) for Cross-checking (Minor) at 12:49, Alex Killorn (ANA) for Slashing (Minor) at 19:38

2nd period

1. Vancouver Canucks , Aleksander Barkov 16 (Miro Heiskanen 14, Mikko Rantanen 18) at 0:12 (PP)
2. Vancouver Canucks , Mikko Rantanen 16 (Clayton Keller 16, Joel Hanley 8) at 0:24
3. Vancouver Canucks , Connor Zary 9 (Casey Mittelstadt 8, Artturi Lehkonen 11) at 2:27 (PP)
4. Vancouver Canucks , Clayton Keller 10 (Mikko Rantanen 19, Aleksander Barkov 14) at 2:41
5. Anaheim Ducks , William Nylander 13 (John Tavares 14, Mark Scheifele 23) at 13:36 (PP)

Penalties :
Kevin Bahl (ANA) for Tripping (Minor) at 1:26, Brett Leason (VAN) for Fighting (Major) at 6:53, Brayden Schenn (ANA) for Fighting (Major) at 6:53, Brayden Schenn (ANA) for instigated a fight (Minor) at 6:53, Brayden Schenn (ANA) for instigated a fight (10 Minutes Misconduct) at 6:53, Justus Annunen (VAN) for Slashing (Minor) at 9:29 - Bobby McMann served the penalty, Artturi Lehkonen (VAN) for Tripping (Minor) at 13:22

3rd period

6. Anaheim Ducks , Nazem Kadri 13 (Brayden Schenn 17, Mason Marchment 11) at 7:02 (PP)

Penalties :
Mikko Rantanen (VAN) for Tripping (Minor) at 0:27, Ryan McDonagh (VAN) for Holding (Minor) at 5:46, Emil Martinsen Lilleberg (VAN) for Holding (Minor) at 12:02, Kevin Bahl (ANA) for Roughing (Minor) at 14:25

Goalie Stats

James Reimer (ANA), 34 saves from 38 shots - (0.895), L, 1-6-1, 60:00 minutes
Justus Annunen (VAN), 27 saves from 29 shots - (0.931), W, 7-4-1, 60:00 minutes

Players Stats for Anaheim Ducks

Player Name              G  A  P  +/- PIM S  H  SB GA TA FO     MP     PP MP  PK MP  
------------------------------------------------------------------------------------
Alex Killorn             0  0  0   0  2   0  1  0  0  0  0/0    14:42   0:46   3:40 
Brayden Schenn           0  1  1  -1  17  0  1  1  0  0  1/1    14:21   4:02   2:43 
Brenden Dillon           0  0  0   0  2   0  1  1  0  0  0/0    14:01   0:00   1:45 
Chandler Stephenson      0  0  0   0  0   1  0  0  1  0  7/15   13:38   0:00   4:20 
Esa Lindell              0  0  0   0  0   0  3  4  0  2  0/0    24:18   5:21   4:28 
Ivan Provorov            0  0  0   0  0   3  2  1  0  0  0/0    24:32   5:21   4:42 
J.T. Compher             0  0  0   0  0   1  0  0  0  0  3/4    11:38   0:11   2:57 
John Tavares             0  1  1  -1  0   5  1  0  0  0  14/16  18:50   5:26   0:09 
Jonny Brodzinski         0  0  0   0  0   2  0  0  0  0  0/0     8:38   0:00   0:00 
Joshua Morrissey         0  0  0  -2  0   2  0  0  1  1  0/0    21:30   6:04   1:06 
Kevin Bahl               0  0  0   0  4   0  1  2  0  0  0/0    12:16   0:00   0:00 
Mark Scheifele           0  1  1  -1  0   1  1  0  0  0  6/16   16:48   5:27   0:07 
Mason Marchment          0  1  1  -1  0   0  4  0  1  0  0/0    16:04   5:48   0:00 
Nazem Kadri              1  0  1  -1  0   7  0  0  0  0  5/6    19:21   5:58   1:08 
Parker Kelly             0  0  0   0  0   1  0  0  0  0  0/0     8:10   0:00   0:00 
Philip Broberg           0  0  0  -2  0   2  2  1  0  0  0/0    23:27   6:04   3:03 
Will Cuylle              0  0  0   0  0   0  1  0  0  2  0/0     9:05   0:00   0:00 
William Nylander         1  0  1  -1  0   4  2  2  1  0  0/0    21:04   6:37   0:00 

Players Stats for Vancouver Canucks

Player Name              G  A  P  +/- PIM S  H  SB GA TA FO     MP     PP MP  PK MP  
------------------------------------------------------------------------------------
Aleksander Barkov        1  1  2   2  0   3  4  4  1  0  14/25  22:35   3:28   5:46 
Anton Lundell            0  0  0   0  0   1  0  0  0  0  3/10   13:16   0:00   5:39 
Artturi Lehkonen         0  1  1   0  2   5  1  1  0  1  0/1    19:29   3:52   5:33 
Bobby McMann             0  0  0   0  0   3  0  1  0  0  0/2     9:49   0:00   0:00 
Brett Leason             0  0  0   0  5   2  2  2  1  0  0/0    12:10   0:00   4:21 
Casey Mittelstadt        0  1  1   0  0   5  1  0  0  0  5/10   14:50   4:04   0:14 
Clayton Keller           1  1  2   2  0   3  2  1  2  1  0/2    16:12   3:28   0:00 
Connor Zary              1  0  1   0  0   2  2  0  1  0  0/0    13:22   4:04   0:00 
Emil Martinsen Lilleberg 0  0  0   1  4   0  1  3  0  0  0/0    14:07   0:13   0:54 
Jake Bean                0  0  0   1  0   3  1  0  0  0  0/0    10:56   0:00   0:17 
Jesperi Kotkaniemi       0  0  0   0  0   0  0  1  0  0  0/0     9:31   0:00   1:17 
Joel Hanley              0  1  1   1  0   3  2  2  0  2  0/0    23:11   3:54   6:16 
Mikko Rantanen           1  2  3   2  2   5  2  1  0  0  0/1    17:19   3:28   0:00 
Miro Heiskanen           0  1  1   0  2   0  2  2  0  0  0/0    26:04   3:38   4:36 
Noah Hanifin             0  0  0   0  0   2  0  1  0  0  0/0    25:12   3:38   5:04 
Ryan McDonagh            0  0  0   1  2   0  1  3  0  0  0/0    20:47   3:41   5:43 
Sean Couturier           0  0  0   0  0   1  2  0  0  0  0/7     9:16   0:00   0:00 
Ty Dellandrea            0  0  0   0  0   0  1  0  0  0  0/0    10:22   0:12   0:00 

3 Stars

1 - Aleksander Barkov (VAN)
2 - Mikko Rantanen (VAN)
3 - Clayton Keller (VAN)

Power Play

Anaheim Ducks - 2 on 7 Attempt(s) - 28.57%
Vancouver Canucks - 2 on 5 Attempt(s) - 40.00%

Penalty Kill

Anaheim Ducks - 3 on 5 Attempt(s) - 60.00% - Score 0 goal in Penalty Kill
Vancouver Canucks - 5 on 7 Attempt(s) - 71.43% - Score 0 goal in Penalty Kill

Team Stat

Anaheim Ducks - Hits : 20 - Faceoff Wins : 36 - Blocked Shots : 12 - Penalty Minutes : 25
Vancouver Canucks - Hits : 24 - Faceoff Wins : 22 - Blocked Shots : 22 - Penalty Minutes : 19

Official

Referees : Carter Sandlak and Kelly Sutherland
Linesman : Shandor Alphonso and Caleb Apperson

Game Notes

Brett Leason and Brayden Schenn fight to a draw at 6:53 of 2nd period

Finance

Level 1 -- Attendance: 4897 (81.62%) -- Ticket Income $484,803
Level 2 -- Attendance: 4109 (82.18%) -- Ticket Income $242,431
Level 3 -- Attendance: 2420 (80.67%) -- Ticket Income $82,280
Level 4 -- Attendance: 4152 (83.04%) -- Ticket Income $99,648
Luxury Box -- Attendance: 730 (73.00%) -- Ticket Income $145,270
Game was played at the Rogers Arena.
Total Attendance: 16308 (81.54%)
Total Ticket Income: $1,054,432
Other Income: $369,051
Total Income: $1,423,483

Anaheim Ducks

5 vs 5 Forward 
   Center                   Left Wing                Right Wing               Time % Phy DF OF 
 1 Mark Scheifele           Mason Marchment          Brayden Schenn           35     1   2  2  
 2 John Tavares             Nazem Kadri              William Nylander         35     1   2  2  
 3 Chandler Stephenson      Will Cuylle              Alex Killorn             20     1   2  2  
 4 J.T. Compher             Parker Kelly             Jonny Brodzinski         10     1   2  2  

5 vs 5 Defense 
   Defense                  Defense                                           Time % Phy DF OF 
 1 Esa Lindell              Ivan Provorov                                     36     1   2  2  
 2 Joshua Morrissey         Philip Broberg                                    33     1   2  2  
 3 Kevin Bahl               Brenden Dillon                                    31     1   2  2  
 4 Esa Lindell              Ivan Provorov                                     0      1   2  2  

PowerPlay Forward 
   Center                   Left Wing                Right Wing               Time % Phy DF OF 
 1 Mark Scheifele           John Tavares             William Nylander         50     1   1  3  
 2 Nazem Kadri              Mason Marchment          Brayden Schenn           50     1   1  3  

PowerPlay Defense
   Defense                  Defense                                           Time % Phy DF OF 
 1 Joshua Morrissey         Philip Broberg                                    60     1   2  2  
 2 Ivan Provorov            Esa Lindell                                       40     1   2  2  

Penalty Kill 4 Players Forward 
   Center                   Wing                     Time % Phy DF OF 
 1 Chandler Stephenson      Alex Killorn             60     1   3  1  
 2 J.T. Compher             Brayden Schenn           40     1   3  1  

Penalty Kill 4 Players Defense
   Defense                  Defense                  Time % Phy DF OF 
 1 Esa Lindell              Ivan Provorov            60     1   4  0  
 2 Brenden Dillon           Philip Broberg           40     1   4  0  

Penalty Kill - 3 Players Forward 
   Forward                                           Time % Phy DF OF 
 1 Chandler Stephenson                               60     1   4  0  
 2 Alex Killorn                                      40     1   4  0  

Penalty Kill - 3 Players Defense
   Defense                  Defense                  Time % Phy DF OF 
 1 Esa Lindell              Ivan Provorov            60     1   4  0  
 2 Brenden Dillon           Philip Broberg           40     1   4  0  

4 vs 4 Forward 
   Center                   Wing                     Time % Phy DF OF 
 1 John Tavares             William Nylander         60     1   2  2  
 2 Mark Scheifele           Nazem Kadri              40     1   2  2  

4 vs 4 Defense
   Defense                  Defense                  Time % Phy DF OF 
 1 Esa Lindell              Joshua Morrissey         60     1   2  2  
 2 Brenden Dillon           Ivan Provorov            40     1   2  2  

Last Minutes Offensive
   Center                   Left Wing                Right Wing               Defense                  Defense                  
   Mark Scheifele           Brayden Schenn           William Nylander         Philip Broberg           Joshua Morrissey         

Last Minutes Defensive
   Center                   Left Wing                Right Wing               Defense                  Defense                  
   Chandler Stephenson      Alex Killorn             Brayden Schenn           Ivan Provorov            Esa Lindell              

Goaltenders
Starting : James Reimer             
Backup : Linus Ullmark            

Extra Forwards
Normal : William Nylander, Mark Scheifele, Nazem Kadri - PP : William Nylander, Nazem Kadri - PK : Chandler Stephenson
Extra Defensemen
Normal : Esa Lindell, Ivan Provorov, Brenden Dillon - PP : Joshua Morrissey - PK : Esa Lindell, Ivan Provorov
Penalty Shots
Chandler Stephenson, Mark Scheifele, Brayden Schenn, Alex Killorn, William Nylander

Scratches
Morgan Rielly (Healthy)

Vancouver Canucks

5 vs 5 Forward 
   Center                   Left Wing                Right Wing               Time % Phy DF OF 
 1 Aleksander Barkov        Clayton Keller           Mikko Rantanen           37     1   1  3  
 2 Sean Couturier           Connor Zary              Artturi Lehkonen         28     1   2  2  
 3 Casey Mittelstadt        Ty Dellandrea            Bobby McMann             21     1   2  2  
 4 Anton Lundell            Jesperi Kotkaniemi       Brett Leason             14     1   3  1  

5 vs 5 Defense 
   Defense                  Defense                                           Time % Phy DF OF 
 1 Noah Hanifin             Miro Heiskanen                                    30     1   2  2  
 2 Emil Martinsen Lilleberg Joel Hanley                                       30     1   2  2  
 3 Jake Bean                Ryan McDonagh                                     25     1   2  2  
 4 Noah Hanifin             Miro Heiskanen                                    15     1   2  2  

PowerPlay Forward 
   Center                   Left Wing                Right Wing               Time % Phy DF OF 
 1 Aleksander Barkov        Clayton Keller           Mikko Rantanen           50     0   1  4  
 2 Casey Mittelstadt        Connor Zary              Artturi Lehkonen         50     0   1  4  

PowerPlay Defense
   Defense                  Defense                                           Time % Phy DF OF 
 1 Noah Hanifin             Miro Heiskanen                                    50     0   1  4  
 2 Ryan McDonagh            Joel Hanley                                       50     0   1  4  

Penalty Kill 4 Players Forward 
   Center                   Wing                     Time % Phy DF OF 
 1 Anton Lundell            Brett Leason             50     1   2  2  
 2 Aleksander Barkov        Artturi Lehkonen         50     1   2  2  

Penalty Kill 4 Players Defense
   Defense                  Defense                  Time % Phy DF OF 
 1 Ryan McDonagh            Joel Hanley              50     1   2  2  
 2 Noah Hanifin             Miro Heiskanen           50     1   2  2  

Penalty Kill - 3 Players Forward 
   Forward                                           Time % Phy DF OF 
 1 Anton Lundell                                     50     1   2  2  
 2 Brett Leason                                      50     1   2  2  

Penalty Kill - 3 Players Defense
   Defense                  Defense                  Time % Phy DF OF 
 1 Ryan McDonagh            Joel Hanley              50     1   2  2  
 2 Noah Hanifin             Miro Heiskanen           50     1   2  2  

4 vs 4 Forward 
   Center                   Wing                     Time % Phy DF OF 
 1 Aleksander Barkov        Mikko Rantanen           50     1   2  2  
 2 Clayton Keller           Artturi Lehkonen         50     1   2  2  

4 vs 4 Defense
   Defense                  Defense                  Time % Phy DF OF 
 1 Noah Hanifin             Miro Heiskanen           50     1   2  2  
 2 Ryan McDonagh            Joel Hanley              50     1   2  2  

Last Minutes Offensive
   Center                   Left Wing                Right Wing               Defense                  Defense                  
   Aleksander Barkov        Clayton Keller           Mikko Rantanen           Noah Hanifin             Miro Heiskanen           

Last Minutes Defensive
   Center                   Left Wing                Right Wing               Defense                  Defense                  
   Anton Lundell            Artturi Lehkonen         Brett Leason             Ryan McDonagh            Joel Hanley              

Goaltenders
Starting : Justus Annunen           
Backup : Cam Talbot               

Extra Forwards
Normal : Mikko Rantanen, Artturi Lehkonen, Clayton Keller - PP : Mikko Rantanen, Clayton Keller - PK : Anton Lundell
Extra Defensemen
Normal : Miro Heiskanen, Noah Hanifin, Ryan McDonagh - PP : Miro Heiskanen - PK : Ryan McDonagh, Joel Hanley
Penalty Shots
Aleksander Barkov, Anton Lundell, Artturi Lehkonen, Jesperi Kotkaniemi, Noah Hanifin

Scratches
Matias Maccelli (Healthy), Jacob Bernard-Docker (Healthy), Eemil Viro (Healthy), Jacob Bryson (Healthy)

% Time on Ice - Anaheim Ducks

Lines # - Real PCT - Wanted PCT - Time Play
Normal Forward
1 - 29% - 35% - 11:44
2 - 29% - 35% - 12:04
3 - 22% - 20% - 9:05
4 - 20% - 10% - 8:10
Normal Defense
1 - 37% - 36% - 15:05
2 - 33% - 33% - 13:44
3 - 30% - 31% - 12:14
4 - 0% - 0% - 0:00
PP Forward
1 - 48% - 50% - 5:26
2 - 52% - 50% - 5:59
PP Defense
1 - 53% - 60% - 6:04
2 - 47% - 40% - 5:21
PK Forward
1 - 74% - 60% - 5:33
2 - 26% - 40% - 1:59
PK Defense
1 - 60% - 60% - 4:29
2 - 40% - 40% - 3:03
PK3 Forward
1 - 0% - 60%
2 - 0% - 40%
PK3 Defense
1 - 0% - 60%
2 - 0% - 40%
44 Forward
1 - 0% - 60%
2 - 0% - 40%
44 Defense
1 - 0% - 60%
2 - 0% - 40%
Last Minute Offensive  - 0:00
Last Minute Defensive  - 0:00
Total
Forward - 60:00
Defense - 60:00

% Time on Ice - Vancouver Canucks

Lines # - Real PCT - Wanted PCT - Time Play
Normal Forward
1 - 32% - 37% - 13:12
2 - 26% - 28% - 10:29
3 - 24% - 21% - 9:47
4 - 18% - 14% - 7:35
Normal Defense
1 - 31% - 30% - 12:51
2 - 31% - 30% - 12:47
3 - 25% - 25% - 10:19
4 - 12% - 15% - 5:06
PP Forward
1 - 46% - 50% - 3:28
2 - 54% - 50% - 4:04
PP Defense
1 - 48% - 50% - 3:38
2 - 52% - 50% - 3:54
PK Forward
1 - 49% - 50% - 5:35
2 - 51% - 50% - 5:50
PK Defense
1 - 55% - 50% - 6:17
2 - 45% - 50% - 5:08
PK3 Forward
1 - 0% - 50%
2 - 0% - 50%
PK3 Defense
1 - 0% - 50%
2 - 0% - 50%
44 Forward
1 - 0% - 50%
2 - 0% - 50%
44 Defense
1 - 0% - 50%
2 - 0% - 50%
Last Minute Offensive  - 0:00
Last Minute Defensive  - 0:00
Total
Forward - 60:00
Defense - 60:00

Play-by-Play

1st period


0:01 of 1st period - Mark Scheifele wins face-off versus Aleksander Barkov in neutral zone.
0:18 of 1st period - Aleksander Barkov is hit by Mason Marchment and loses puck.
0:33 of 1st period - Snap shot by Sean Couturier.
0:33 of 1st period - Stopped by James Reimer with a rebound.
0:35 of 1st period - Slapshot by Miro Heiskanen.
0:35 of 1st period - Shot Blocked by Esa Lindell.
0:37 of 1st period - Slapshot by Noah Hanifin.
0:37 of 1st period - Stopped by James Reimer with a rebound.
0:39 of 1st period - Slapshot by Noah Hanifin.
0:39 of 1st period - Shot Misses the Net.
0:41 of 1st period - Slapshot by Noah Hanifin.
0:41 of 1st period - Stopped by James Reimer with a rebound.
1:19 of 1st period - Ivan Provorov is hit by Emil Martinsen Lilleberg and loses puck.
1:30 of 1st period - Minor Penalty to Emil Martinsen Lilleberg for Interference.
1:31 of 1st period - Aleksander Barkov wins face-off versus Mark Scheifele in Vancouver Canucks zone.
1:47 of 1st period - Slapshot by Joshua Morrissey.
1:47 of 1st period - Shot Blocked by Artturi Lehkonen.
3:30 of 1st period - Penalty to Emil Martinsen Lilleberg is over, Emil Martinsen Lilleberg is back on ice.
3:37 of 1st period - Slapshot by Chandler Stephenson.
3:37 of 1st period - Stopped by Justus Annunen with a rebound.
4:10 of 1st period - Snap shot by Casey Mittelstadt.
4:10 of 1st period - Stopped by James Reimer with a rebound.
4:26 of 1st period - Snap shot by Sean Couturier.
4:26 of 1st period - Shot Misses the Net.
4:40 of 1st period - Aleksander Barkov is hit by Philip Broberg.
4:52 of 1st period - Joshua Morrissey is hit by Mikko Rantanen and loses puck.
5:13 of 1st period - Ivan Provorov is hit by Sean Couturier and loses puck.
6:03 of 1st period - Anton Lundell is hit by Ivan Provorov and loses puck.
6:41 of 1st period - Snap shot by Nazem Kadri.
6:41 of 1st period - Shot Misses the Net.
7:16 of 1st period - Jake Bean is hit by Mason Marchment and loses puck.
7:33 of 1st period - Snap shot by Jonny Brodzinski.
7:33 of 1st period - Shot Blocked by Ryan McDonagh.
7:44 of 1st period - Minor Penalty to Brenden Dillon for Tripping.
7:45 of 1st period - Aleksander Barkov wins face-off versus Chandler Stephenson in Anaheim Ducks zone.
7:47 of 1st period - Snap shot by Clayton Keller.
7:47 of 1st period - Stopped by James Reimer with a rebound.
7:57 of 1st period - Wrist shot by Aleksander Barkov.
7:57 of 1st period - Deflect By Mikko Rantanen.
7:57 of 1st period - Stopped by James Reimer with a rebound.
8:43 of 1st period - Brayden Schenn is hit by Casey Mittelstadt and loses puck.
9:44 of 1st period - Penalty to Brenden Dillon is over, Brenden Dillon is back on ice.
9:52 of 1st period - Jesperi Kotkaniemi is hit by John Tavares and loses puck.
9:59 of 1st period - Backhand shot by William Nylander.
9:59 of 1st period - Shot Misses the Net.
10:01 of 1st period - Slapshot by John Tavares.
10:01 of 1st period - Shot Misses the Net.
10:52 of 1st period - Sean Couturier is hit by Kevin Bahl and loses puck.
11:38 of 1st period - Parker Kelly is hit by Sean Couturier and loses puck.
12:03 of 1st period - Slapshot by William Nylander.
12:03 of 1st period - Shot Blocked by Clayton Keller.
12:30 of 1st period - Slapshot by Brett Leason.
12:30 of 1st period - Stopped by James Reimer with a rebound.
12:49 of 1st period - Minor Penalty to Miro Heiskanen for Cross-checking.
12:50 of 1st period - Mark Scheifele wins face-off versus Anton Lundell in Vancouver Canucks zone.
13:01 of 1st period - Snap shot by William Nylander.
13:01 of 1st period - Shot Blocked by Brett Leason.
13:03 of 1st period - Snap shot by William Nylander.
13:03 of 1st period - Shot Blocked by Noah Hanifin.
13:05 of 1st period - Slapshot by Philip Broberg.
13:05 of 1st period - Shot Misses the Net.
13:07 of 1st period - Snap shot by William Nylander.
13:07 of 1st period - Shot Misses the Net.
13:56 of 1st period - Noah Hanifin is hit by Mason Marchment and loses puck.
14:47 of 1st period - Mason Marchment is hit by Brett Leason and loses puck.
14:49 of 1st period - Penalty to Miro Heiskanen is over, Miro Heiskanen is back on ice.
15:28 of 1st period - Snap shot by Chandler Stephenson.
15:28 of 1st period - Shot Blocked by Ryan McDonagh.
15:34 of 1st period - Chandler Stephenson is hit by Connor Zary and loses puck.
15:56 of 1st period - Kevin Bahl is hit by Joel Hanley and loses puck.
16:35 of 1st period - Ivan Provorov is hit by Artturi Lehkonen and loses puck.
17:08 of 1st period - Nazem Kadri is hit by Clayton Keller and loses puck.
17:28 of 1st period - Connor Zary is hit by Brenden Dillon and loses puck.
17:41 of 1st period - Snap shot by Parker Kelly.
17:41 of 1st period - Shot Misses the Net.
17:43 of 1st period - Snap shot by J.T. Compher.
17:43 of 1st period - Deflect By Jonny Brodzinski.
17:43 of 1st period - Stopped by Justus Annunen without a rebound.
17:44 of 1st period - Anton Lundell wins face-off versus J.T. Compher in Vancouver Canucks zone.
18:34 of 1st period - Wrist shot by William Nylander.
18:34 of 1st period - Deflect By John Tavares.
18:34 of 1st period - Deflect By Ty Dellandrea.
18:34 of 1st period - Shot Blocked by Bobby McMann.
18:34 of 1st period - Puck is out of play.
18:35 of 1st period - John Tavares wins face-off versus Sean Couturier in Vancouver Canucks zone.
18:38 of 1st period - Slapshot by Nazem Kadri.
18:38 of 1st period - Stopped by Justus Annunen without a rebound.
18:39 of 1st period - John Tavares wins face-off versus Sean Couturier in Vancouver Canucks zone.
19:16 of 1st period - Slapshot by Mason Marchment.
19:16 of 1st period - Shot Misses the Net.
19:26 of 1st period - Miro Heiskanen is hit by Will Cuylle and loses puck.
19:38 of 1st period - Minor Penalty to Alex Killorn for Slashing.
19:39 of 1st period - Casey Mittelstadt wins face-off versus Chandler Stephenson in Anaheim Ducks zone.
Goals for this period are 0 for Anaheim Ducks vs 0 for Vancouver Canucks.
Shots for this period are 3 for Anaheim Ducks vs 7 for Vancouver Canucks.

2nd period


0:01 of 2nd period - Chandler Stephenson wins face-off versus Mikko Rantanen in neutral zone.
0:04 of 2nd period - Slapshot by Esa Lindell.
0:04 of 2nd period - Shot Misses the Net.
0:10 of 2nd period - Snap shot by Mikko Rantanen.
0:10 of 2nd period - Shot Misses the Net.
0:12 of 2nd period - Slapshot by Miro Heiskanen.
0:12 of 2nd period - Deflect By Aleksander Barkov.
0:12 of 2nd period - Goal by Aleksander Barkov - Anaheim Ducks : 0 - Vancouver Canucks : 1.
0:13 of 2nd period - John Tavares wins face-off versus Aleksander Barkov in neutral zone.
0:24 of 2nd period - Wrist shot by Mikko Rantanen.
0:24 of 2nd period - Goal by Mikko Rantanen - Anaheim Ducks : 0 - Vancouver Canucks : 2.
0:25 of 2nd period - Aleksander Barkov wins face-off versus Mark Scheifele in neutral zone.
1:03 of 2nd period - Slapshot by Artturi Lehkonen.
1:03 of 2nd period - Stopped by James Reimer with a rebound.
1:26 of 2nd period - Minor Penalty to Kevin Bahl for Tripping.
1:27 of 2nd period - Aleksander Barkov wins face-off versus Chandler Stephenson in Anaheim Ducks zone.
1:35 of 2nd period - Backhand shot by Mikko Rantanen.
1:35 of 2nd period - Stopped by James Reimer with a rebound.
1:37 of 2nd period - Slapshot by Joel Hanley.
1:37 of 2nd period - Deflect By Mikko Rantanen.
1:37 of 2nd period - Deflect By Chandler Stephenson.
1:37 of 2nd period - Stopped by James Reimer without a rebound.
1:38 of 2nd period - Casey Mittelstadt wins face-off versus Chandler Stephenson in Anaheim Ducks zone.
1:49 of 2nd period - Snap shot by Artturi Lehkonen.
1:49 of 2nd period - Stopped by James Reimer with a rebound.
1:51 of 2nd period - Snap shot by Connor Zary.
1:51 of 2nd period - Stopped by James Reimer with a rebound.
1:53 of 2nd period - Slapshot by Casey Mittelstadt.
1:53 of 2nd period - Stopped by James Reimer with a rebound.
2:09 of 2nd period - Brayden Schenn is hit by Miro Heiskanen.
2:27 of 2nd period - Wrist shot by Connor Zary.
2:27 of 2nd period - Goal by Connor Zary - Anaheim Ducks : 0 - Vancouver Canucks : 3.
2:28 of 2nd period - Aleksander Barkov wins face-off versus Mark Scheifele in neutral zone.
2:41 of 2nd period - Snap shot by Clayton Keller.
2:41 of 2nd period - Goal by Clayton Keller - Anaheim Ducks : 0 - Vancouver Canucks : 4.
2:42 of 2nd period - John Tavares wins face-off versus Aleksander Barkov in neutral zone.
2:59 of 2nd period - Wrist shot by Clayton Keller.
2:59 of 2nd period - Shot Misses the Net.
3:33 of 2nd period - Snap shot by Parker Kelly.
3:33 of 2nd period - Stopped by Justus Annunen with a rebound.
3:35 of 2nd period - Slapshot by J.T. Compher.
3:35 of 2nd period - Shot Misses the Net.
3:37 of 2nd period - Slapshot by Joshua Morrissey.
3:37 of 2nd period - Deflect By J.T. Compher.
3:37 of 2nd period - Shot Blocked by Miro Heiskanen.
3:37 of 2nd period - Puck is out of play.
3:38 of 2nd period - J.T. Compher wins face-off versus Aleksander Barkov in Vancouver Canucks zone.
3:47 of 2nd period - Backhand shot by Parker Kelly.
3:47 of 2nd period - Shot Blocked by Emil Martinsen Lilleberg.
3:49 of 2nd period - Slapshot by Joshua Morrissey.
3:49 of 2nd period - Shot Blocked by Emil Martinsen Lilleberg.
3:51 of 2nd period - Wrist shot by Jonny Brodzinski.
3:51 of 2nd period - Deflect By Mikko Rantanen.
3:51 of 2nd period - Shot Misses the Net.
3:51 of 2nd period - Puck is out of play.
3:52 of 2nd period - John Tavares wins face-off versus Aleksander Barkov in Vancouver Canucks zone.
3:55 of 2nd period - Slapshot by John Tavares.
3:55 of 2nd period - Shot Misses the Net.
4:19 of 2nd period - Artturi Lehkonen is hit by Brayden Schenn and loses puck.
4:26 of 2nd period - Wrist shot by Artturi Lehkonen.
4:26 of 2nd period - Stopped by James Reimer without a rebound.
4:27 of 2nd period - Mark Scheifele wins face-off versus Sean Couturier in Anaheim Ducks zone.
5:36 of 2nd period - Icing by John Tavares.
5:37 of 2nd period - Casey Mittelstadt wins face-off versus Mark Scheifele in Anaheim Ducks zone.
5:52 of 2nd period - Wrist shot by Casey Mittelstadt.
5:52 of 2nd period - Shot Blocked by Brenden Dillon.
6:03 of 2nd period - Off-side.
6:04 of 2nd period - Aleksander Barkov wins face-off versus Chandler Stephenson in neutral zone.
6:29 of 2nd period - Joshua Morrissey is hit by Miro Heiskanen and loses puck.
6:34 of 2nd period - Wrist shot by Sean Couturier.
6:34 of 2nd period - Shot Blocked by Brayden Schenn.
6:52 of 2nd period - Snap shot by Anton Lundell.
6:52 of 2nd period - Stopped by James Reimer with a rebound.
6:53 of 2nd period - Brett Leason and Brayden Schenn fight to a draw.
6:53 of 2nd period - Penalty to Brett Leason for Fighting.
6:53 of 2nd period - Penalty to Brayden Schenn for Fighting.
6:53 of 2nd period - Penalty to Brayden Schenn for instigated a fight.
6:53 of 2nd period - Penalty to Brayden Schenn for instigated a fight.
6:54 of 2nd period - Chandler Stephenson wins face-off versus Aleksander Barkov in Anaheim Ducks zone.
7:03 of 2nd period - Slapshot by Ryan McDonagh.
7:03 of 2nd period - Deflect By Aleksander Barkov.
7:03 of 2nd period - Stopped by James Reimer with a rebound.
7:05 of 2nd period - Snap shot by Mikko Rantanen.
7:05 of 2nd period - Shot Misses the Net.
7:07 of 2nd period - Snap shot by Mikko Rantanen.
7:07 of 2nd period - Shot Blocked by Esa Lindell.
7:09 of 2nd period - Snap shot by Joel Hanley.
7:09 of 2nd period - Stopped by James Reimer with a rebound.
7:35 of 2nd period - Slapshot by Ivan Provorov.
7:35 of 2nd period - Shot Misses the Net.
8:53 of 2nd period - Penalty to Brayden Schenn is over, Alex Killorn is send on ice.
9:13 of 2nd period - Snap shot by Mark Scheifele.
9:13 of 2nd period - Stopped by Justus Annunen with a rebound.
9:17 of 2nd period - Slapshot by William Nylander.
9:17 of 2nd period - Stopped by Justus Annunen with a rebound.
9:27 of 2nd period - Snap shot by Jonny Brodzinski.
9:27 of 2nd period - Stopped by Justus Annunen with a rebound.
9:29 of 2nd period - Wrist shot by J.T. Compher.
9:29 of 2nd period - Stopped by Justus Annunen without a rebound.
9:29 of 2nd period - Minor Penalty to Justus Annunen for Slashing.
9:30 of 2nd period - Nazem Kadri wins face-off versus Anton Lundell in Vancouver Canucks zone.
9:33 of 2nd period - Wrist shot by Mason Marchment.
9:33 of 2nd period - Shot Blocked by Miro Heiskanen.
9:35 of 2nd period - Slapshot by Joshua Morrissey.
9:35 of 2nd period - Shot Misses the Net.
9:37 of 2nd period - Snap shot by Mason Marchment.
9:37 of 2nd period - Shot Misses the Net.
9:41 of 2nd period - Slapshot by Nazem Kadri.
9:41 of 2nd period - Stopped by Justus Annunen without a rebound.
9:42 of 2nd period - Aleksander Barkov wins face-off versus Nazem Kadri in Vancouver Canucks zone.
10:09 of 2nd period - Joel Hanley is hit by Philip Broberg and loses puck.
10:14 of 2nd period - Snap shot by Nazem Kadri.
10:14 of 2nd period - Stopped by Justus Annunen with a rebound.
10:26 of 2nd period - Snap shot by William Nylander.
10:26 of 2nd period - Shot Misses the Net.
10:28 of 2nd period - Snap shot by Joshua Morrissey.
10:28 of 2nd period - Stopped by Justus Annunen without a rebound.
10:29 of 2nd period - Anton Lundell wins face-off versus Mark Scheifele in Vancouver Canucks zone.
10:44 of 2nd period - Backhand shot by Jesperi Kotkaniemi.
10:44 of 2nd period - Deflect By Artturi Lehkonen.
10:44 of 2nd period - Stopped by James Reimer with a rebound.
11:29 of 2nd period - Penalty to Bobby McMann is over, Bobby McMann is back on ice.
11:34 of 2nd period - Slapshot by Bobby McMann.
11:34 of 2nd period - Stopped by James Reimer with a rebound.
11:45 of 2nd period - Snap shot by Joel Hanley.
11:45 of 2nd period - Deflect By Philip Broberg.
11:45 of 2nd period - Stopped by James Reimer with a rebound.
12:04 of 2nd period - Mason Marchment is hit by Mikko Rantanen and loses puck.
13:02 of 2nd period - Icing by Aleksander Barkov.
13:03 of 2nd period - Chandler Stephenson wins face-off versus Sean Couturier in Vancouver Canucks zone.
13:22 of 2nd period - Minor Penalty to Artturi Lehkonen for Tripping.
13:23 of 2nd period - Aleksander Barkov wins face-off versus Mark Scheifele in Vancouver Canucks zone.
13:32 of 2nd period - Snap shot by John Tavares.
13:32 of 2nd period - Stopped by Justus Annunen with a rebound.
13:34 of 2nd period - Slapshot by John Tavares.
13:34 of 2nd period - Stopped by Justus Annunen with a rebound.
13:36 of 2nd period - Slapshot by William Nylander.
13:36 of 2nd period - Goal by William Nylander - Anaheim Ducks : 1 - Vancouver Canucks : 4.
13:37 of 2nd period - Aleksander Barkov wins face-off versus John Tavares in neutral zone.
13:46 of 2nd period - Snap shot by John Tavares.
13:46 of 2nd period - Stopped by Justus Annunen with a rebound.
13:48 of 2nd period - Slapshot by John Tavares.
13:48 of 2nd period - Stopped by Justus Annunen without a rebound.
13:49 of 2nd period - John Tavares wins face-off versus Clayton Keller in Vancouver Canucks zone.
13:52 of 2nd period - Snap shot by John Tavares.
13:52 of 2nd period - Shot Blocked by Emil Martinsen Lilleberg.
13:54 of 2nd period - Slapshot by Ivan Provorov.
13:54 of 2nd period - Stopped by Justus Annunen with a rebound.
13:56 of 2nd period - Snap shot by Nazem Kadri.
13:56 of 2nd period - Shot Misses the Net.
13:58 of 2nd period - Wrist shot by Ivan Provorov.
13:58 of 2nd period - Shot Misses the Net.
14:00 of 2nd period - Slapshot by Ivan Provorov.
14:00 of 2nd period - Shot Blocked by Joel Hanley.
14:02 of 2nd period - Snap shot by Nazem Kadri.
14:02 of 2nd period - Shot Misses the Net.
14:06 of 2nd period - Wrist shot by John Tavares.
14:06 of 2nd period - Deflect By Mikko Rantanen.
14:06 of 2nd period - Shot Hit the Post.
14:06 of 2nd period - Puck is out of play.
14:07 of 2nd period - Mark Scheifele wins face-off versus Sean Couturier in Vancouver Canucks zone.
14:20 of 2nd period - Wrist shot by Mark Scheifele.
14:20 of 2nd period - Shot Misses the Net.
14:22 of 2nd period - Slapshot by Philip Broberg.
14:22 of 2nd period - Stopped by Justus Annunen with a rebound.
15:13 of 2nd period - Wrist shot by Mason Marchment.
15:13 of 2nd period - Shot Hit the Post.
15:36 of 2nd period - Snap shot by Philip Broberg.
15:36 of 2nd period - Stopped by Justus Annunen with a rebound.
16:18 of 2nd period - J.T. Compher is hit by Jake Bean and loses puck.
16:26 of 2nd period - Icing by Joshua Morrissey.
16:27 of 2nd period - J.T. Compher wins face-off versus Sean Couturier in Anaheim Ducks zone.
16:32 of 2nd period - Wrist shot by Jonny Brodzinski.
16:32 of 2nd period - Shot Misses the Net.
17:03 of 2nd period - Slapshot by John Tavares.
17:03 of 2nd period - Stopped by Justus Annunen without a rebound.
17:04 of 2nd period - Casey Mittelstadt wins face-off versus Mark Scheifele in Vancouver Canucks zone.
17:09 of 2nd period - Snap shot by Casey Mittelstadt.
17:09 of 2nd period - Stopped by James Reimer without a rebound.
17:10 of 2nd period - Mark Scheifele wins face-off versus Bobby McMann in Anaheim Ducks zone.
17:25 of 2nd period - Snap shot by Bobby McMann.
17:25 of 2nd period - Stopped by James Reimer without a rebound.
17:26 of 2nd period - John Tavares wins face-off versus Clayton Keller in Anaheim Ducks zone.
17:26 of 2nd period - John Tavares is hit by Aleksander Barkov.
17:32 of 2nd period - Wrist shot by William Nylander.
17:32 of 2nd period - Shot Blocked by Aleksander Barkov.
18:21 of 2nd period - Wrist shot by J.T. Compher.
18:21 of 2nd period - Shot Misses the Net.
18:50 of 2nd period - Icing by Kevin Bahl.
18:51 of 2nd period - Aleksander Barkov wins face-off versus Mark Scheifele in Anaheim Ducks zone.
19:06 of 2nd period - Mason Marchment is hit by Aleksander Barkov.
19:24 of 2nd period - Wrist shot by Bobby McMann.
19:24 of 2nd period - Deflect By Casey Mittelstadt.
19:24 of 2nd period - Shot Misses the Net.
19:24 of 2nd period - Puck is out of play.
19:25 of 2nd period - Nazem Kadri wins face-off versus Casey Mittelstadt in Anaheim Ducks zone.
19:52 of 2nd period - Mark Scheifele is hit by Clayton Keller and loses puck.
Goals for this period are 1 for Anaheim Ducks vs 4 for Vancouver Canucks.
Shots for this period are 17 for Anaheim Ducks vs 19 for Vancouver Canucks.

3rd period


0:01 of 3rd period - John Tavares wins face-off versus Aleksander Barkov in neutral zone.
0:27 of 3rd period - Minor Penalty to Mikko Rantanen for Tripping.
0:28 of 3rd period - Nazem Kadri wins face-off versus Anton Lundell in Vancouver Canucks zone.
0:28 of 3rd period - Wrist shot by William Nylander.
0:28 of 3rd period - Shot Blocked by Brett Leason.
0:30 of 3rd period - Wrist shot by Joshua Morrissey.
0:30 of 3rd period - Shot Blocked by Ryan McDonagh.
0:32 of 3rd period - Wrist shot by Nazem Kadri.
0:32 of 3rd period - Stopped by Justus Annunen without a rebound.
0:33 of 3rd period - Nazem Kadri wins face-off versus Anton Lundell in Vancouver Canucks zone.
1:03 of 3rd period - Off-side.
1:04 of 3rd period - Anton Lundell wins face-off versus Mark Scheifele in neutral zone.
1:53 of 3rd period - 10 Minutes Misconduct Penalty to Brayden Schenn is over.
2:06 of 3rd period - Anton Lundell is hit by Esa Lindell and loses puck.
2:15 of 3rd period - Snap shot by William Nylander.
2:15 of 3rd period - Shot Misses the Net.
2:27 of 3rd period - Penalty to Mikko Rantanen is over, Mikko Rantanen is back on ice.
2:41 of 3rd period - Ryan McDonagh is hit by William Nylander.
2:50 of 3rd period - Kevin Bahl is hit by Aleksander Barkov and loses puck.
3:19 of 3rd period - Slapshot by Jake Bean.
3:19 of 3rd period - Stopped by James Reimer with a rebound.
3:21 of 3rd period - Snap shot by Mikko Rantanen.
3:21 of 3rd period - Shot Blocked by William Nylander.
3:23 of 3rd period - Snap shot by Artturi Lehkonen.
3:23 of 3rd period - Stopped by James Reimer with a rebound.
3:25 of 3rd period - Slapshot by Jake Bean.
3:25 of 3rd period - Shot Misses the Net.
3:27 of 3rd period - Snap shot by Aleksander Barkov.
3:27 of 3rd period - Shot Blocked by Kevin Bahl.
3:29 of 3rd period - Snap shot by Aleksander Barkov.
3:29 of 3rd period - Shot Misses the Net.
3:33 of 3rd period - Snap shot by Aleksander Barkov.
3:33 of 3rd period - Shot Misses the Net.
3:35 of 3rd period - Slapshot by Jake Bean.
3:35 of 3rd period - Stopped by James Reimer without a rebound.
3:36 of 3rd period - Chandler Stephenson wins face-off versus Bobby McMann in Anaheim Ducks zone.
4:56 of 3rd period - Philip Broberg is hit by Ty Dellandrea and loses puck.
5:22 of 3rd period - Snap shot by Noah Hanifin.
5:22 of 3rd period - Shot Blocked by Kevin Bahl.
5:41 of 3rd period - Off-side.
5:42 of 3rd period - J.T. Compher wins face-off versus Anton Lundell in neutral zone.
5:46 of 3rd period - Minor Penalty to Ryan McDonagh for Holding.
5:47 of 3rd period - Nazem Kadri wins face-off versus Aleksander Barkov in Vancouver Canucks zone.
7:02 of 3rd period - Slapshot by Nazem Kadri.
7:02 of 3rd period - Goal by Nazem Kadri - Anaheim Ducks : 2 - Vancouver Canucks : 4.
7:03 of 3rd period - Aleksander Barkov wins face-off versus Chandler Stephenson in neutral zone.
7:30 of 3rd period - Kevin Bahl is hit by Connor Zary and loses puck.
7:49 of 3rd period - Slapshot by Sean Couturier.
7:49 of 3rd period - Shot Blocked by Esa Lindell.
7:55 of 3rd period - Wrist shot by Bobby McMann.
7:55 of 3rd period - Stopped by James Reimer without a rebound.
7:56 of 3rd period - Chandler Stephenson wins face-off versus Casey Mittelstadt in Anaheim Ducks zone.
8:11 of 3rd period - Wrist shot by Chandler Stephenson.
8:11 of 3rd period - Deflect By Will Cuylle.
8:11 of 3rd period - Shot Misses the Net.
8:11 of 3rd period - Puck is out of play.
8:12 of 3rd period - Aleksander Barkov wins face-off versus Mark Scheifele in Vancouver Canucks zone.
8:12 of 3rd period - Aleksander Barkov is hit by Ivan Provorov.
8:26 of 3rd period - Snap shot by Mikko Rantanen.
8:26 of 3rd period - Shot Misses the Net.
8:28 of 3rd period - Slapshot by Joel Hanley.
8:28 of 3rd period - Stopped by James Reimer without a rebound.
8:29 of 3rd period - John Tavares wins face-off versus Sean Couturier in Anaheim Ducks zone.
8:42 of 3rd period - Snap shot by Nazem Kadri.
8:42 of 3rd period - Shot Misses the Net.
8:56 of 3rd period - Aleksander Barkov is hit by Mark Scheifele and loses puck.
9:25 of 3rd period - Slapshot by Joshua Morrissey.
9:25 of 3rd period - Deflect By Casey Mittelstadt.
9:25 of 3rd period - Stopped by Justus Annunen with a rebound.
9:27 of 3rd period - Wrist shot by Joshua Morrissey.
9:27 of 3rd period - Deflect By Will Cuylle.
9:27 of 3rd period - Shot Blocked by Joel Hanley.
9:27 of 3rd period - Puck is out of play.
9:28 of 3rd period - John Tavares wins face-off versus Aleksander Barkov in Vancouver Canucks zone.
9:31 of 3rd period - Snap shot by Nazem Kadri.
9:31 of 3rd period - Stopped by Justus Annunen with a rebound.
9:33 of 3rd period - Snap shot by William Nylander.
9:33 of 3rd period - Shot Blocked by Mikko Rantanen.
9:35 of 3rd period - Slapshot by William Nylander.
9:35 of 3rd period - Shot Blocked by Aleksander Barkov.
9:37 of 3rd period - Slapshot by Ivan Provorov.
9:37 of 3rd period - Stopped by Justus Annunen with a rebound.
9:39 of 3rd period - Snap shot by Esa Lindell.
9:39 of 3rd period - Deflect By Nazem Kadri.
9:39 of 3rd period - Shot Misses the Net.
9:39 of 3rd period - Puck is out of play.
9:40 of 3rd period - John Tavares wins face-off versus Aleksander Barkov in Vancouver Canucks zone.
9:41 of 3rd period - Wrist shot by William Nylander.
9:41 of 3rd period - Stopped by Justus Annunen with a rebound.
9:51 of 3rd period - Wrist shot by Aleksander Barkov.
9:51 of 3rd period - Stopped by James Reimer without a rebound.
9:52 of 3rd period - Aleksander Barkov wins face-off versus John Tavares in Anaheim Ducks zone.
9:53 of 3rd period - Slapshot by Clayton Keller.
9:53 of 3rd period - Stopped by James Reimer with a rebound.
10:05 of 3rd period - Snap shot by Nazem Kadri.
10:05 of 3rd period - Shot Misses the Net.
10:07 of 3rd period - Snap shot by William Nylander.
10:07 of 3rd period - Stopped by Justus Annunen with a rebound.
10:09 of 3rd period - Snap shot by John Tavares.
10:09 of 3rd period - Shot Blocked by Aleksander Barkov.
10:19 of 3rd period - Aleksander Barkov is hit by Esa Lindell and loses puck.
11:34 of 3rd period - Joshua Morrissey is hit by Joel Hanley and loses puck.
11:38 of 3rd period - Icing by Brett Leason.
11:39 of 3rd period - John Tavares wins face-off versus Anton Lundell in Vancouver Canucks zone.
12:02 of 3rd period - Minor Penalty to Emil Martinsen Lilleberg for Holding.
12:03 of 3rd period - Mark Scheifele wins face-off versus Artturi Lehkonen in Vancouver Canucks zone.
13:30 of 3rd period - Aleksander Barkov is hit by Mason Marchment.
13:34 of 3rd period - Artturi Lehkonen is hit by Esa Lindell and loses puck.
14:02 of 3rd period - Penalty to Emil Martinsen Lilleberg is over, Emil Martinsen Lilleberg is back on ice.
14:25 of 3rd period - Minor Penalty to Kevin Bahl for Roughing.
14:26 of 3rd period - Aleksander Barkov wins face-off versus Chandler Stephenson in Anaheim Ducks zone.
14:50 of 3rd period - Icing by Casey Mittelstadt.
14:51 of 3rd period - Chandler Stephenson wins face-off versus Casey Mittelstadt in Vancouver Canucks zone.
14:52 of 3rd period - Snap shot by Alex Killorn.
14:52 of 3rd period - Shot Misses the Net.
15:00 of 3rd period - Snap shot by Casey Mittelstadt.
15:00 of 3rd period - Stopped by James Reimer with a rebound.
15:20 of 3rd period - Slapshot by Clayton Keller.
15:20 of 3rd period - Shot Blocked by Esa Lindell.
15:22 of 3rd period - Wrist shot by Mikko Rantanen.
15:22 of 3rd period - Stopped by James Reimer with a rebound.
15:24 of 3rd period - Slapshot by Ryan McDonagh.
15:24 of 3rd period - Shot Misses the Net.
15:28 of 3rd period - Snap shot by Aleksander Barkov.
15:28 of 3rd period - Shot Blocked by Ivan Provorov.
16:25 of 3rd period - Penalty to Kevin Bahl is over, Kevin Bahl is back on ice.
16:36 of 3rd period - Snap shot by Jesperi Kotkaniemi.
16:36 of 3rd period - Deflect By Brett Leason.
16:36 of 3rd period - Stopped by James Reimer without a rebound.
16:37 of 3rd period - John Tavares wins face-off versus Anton Lundell in Anaheim Ducks zone.
16:37 of 3rd period - John Tavares is hit by Brett Leason.
17:06 of 3rd period - Wrist shot by Jesperi Kotkaniemi.
17:06 of 3rd period - Shot Blocked by William Nylander.
17:10 of 3rd period - Wrist shot by Brett Leason.
17:10 of 3rd period - Shot Blocked by Philip Broberg.
17:12 of 3rd period - Slapshot by Jake Bean.
17:12 of 3rd period - Stopped by James Reimer with a rebound.
17:38 of 3rd period - Snap shot by John Tavares.
17:38 of 3rd period - Deflect By Nazem Kadri.
17:38 of 3rd period - Shot Blocked by Jesperi Kotkaniemi.
17:38 of 3rd period - Puck is out of play.
17:39 of 3rd period - Chandler Stephenson wins face-off versus Casey Mittelstadt in Vancouver Canucks zone.
17:52 of 3rd period - Wrist shot by Bobby McMann.
17:52 of 3rd period - Shot Misses the Net.
17:54 of 3rd period - Wrist shot by Casey Mittelstadt.
17:54 of 3rd period - Stopped by James Reimer without a rebound.
17:55 of 3rd period - Brayden Schenn wins face-off versus Aleksander Barkov in Anaheim Ducks zone.
17:55 of 3rd period - Brayden Schenn is hit by Aleksander Barkov.
18:05 of 3rd period - Wrist shot by Mark Scheifele.
18:05 of 3rd period - Shot Blocked by Aleksander Barkov.
18:07 of 3rd period - Slapshot by Ivan Provorov.
18:07 of 3rd period - Stopped by Justus Annunen without a rebound.
18:08 of 3rd period - Casey Mittelstadt wins face-off versus Chandler Stephenson in Vancouver Canucks zone.
18:08 of 3rd period - Casey Mittelstadt is hit by Alex Killorn.
18:54 of 3rd period - Jake Bean is hit by William Nylander.
18:58 of 3rd period - Wrist shot by William Nylander.
18:58 of 3rd period - Deflect By John Tavares.
18:58 of 3rd period - Shot Misses the Net.
18:58 of 3rd period - Puck is out of play.
18:59 of 3rd period - John Tavares wins face-off versus Casey Mittelstadt in Vancouver Canucks zone.
19:06 of 3rd period - Slapshot by Nazem Kadri.
19:06 of 3rd period - Stopped by Justus Annunen with a rebound.
19:16 of 3rd period - Brenden Dillon is hit by Ryan McDonagh and loses puck.
Goals for this period are 1 for Anaheim Ducks vs 0 for Vancouver Canucks.
Shots for this period are 9 for Anaheim Ducks vs 12 for Vancouver Canucks.